 Dungeon Crawl Stone Soup version 0.30-a0-169-g06f667207d (webtiles) character file.

Game seed: 17759260882684968469

438 qw the Chopper (level 7, -5/43 HPs)
             Began as a Gargoyle Fighter on Sept 30, 2022.
             Was an Initiate of Okawaru.
             Slain by an ogre
             ... wielding a +0 giant club
              (15 damage)
             ... on level 5 of the Dungeon.
             The game lasted 00:01:15 (3823 turns).

qw the Chopper (Gargoyle Fighter)                   Turns: 3823, Time: 00:01:16

Health: -5/43      AC: 14    Str: 22    XL:     7   Next: 1%
Magic:  7/7        EV:  9    Int:  8    God:    Okawaru [......]
Gold:   150        SH:  4    Dex:  9    Spells: 6/6 levels left

rFire   . . .      SeeInvis .    Y - +1 war axe
rCold   + . .      Faith    .    c - +0 buckler
rNeg    + . .      Spirit   .    a - +3 scale mail {rC+}
rPois   inf        Reflect  .    (no helmet)
rElec   +          Harm     .    (no cloak)
rCorr   .          Rampage  .    (no gloves)
Will    +....                    (no boots)
Stlth   ..........               (no amulet)
HPRegen 0.14/turn                g - ring of willpower
MPRegen 0.10/turn                (no ring)

@: no status effects
A: sickness immunity, AC +4, negative energy resistance 1, electricity
resistance, torment resistance 1, petrification resistance
a: Renounce Religion


You were on level 5 of the Dungeon.
You worshipped Okawaru.
Okawaru was noncommittal.
You visited 1 branch of the dungeon, and saw 5 of its levels.

You collected 186 gold pieces.
You spent 36 gold pieces at shops.


Innate Abilities, Weirdness & Mutations

You are immune to sickness and miasma.
Your stone body is resilient. (AC +4)
You are immune to poison.
You resist negative energy. (rN+)
You are resistant to electric shocks. (rElec)
You are resistant to unholy torment.
You are immune to petrification.


   Skills:
 - Level 4.0 Fighting
 + Level 6.1 Axes
 - Level 3.2 Armour
 - Level 1.0 Dodging
 - Level 3.2 Shields


You had 6 spell levels left.
You didn't know any spells.
Your spell library was empty.

Inventory:

Hand Weapons
 o - a +0 flail
 Y - a +1 war axe (weapon)
Armour
 a - a +3 scale mail of cold resistance (worn)
 c - a +0 buckler (worn)
 i - a +0 chain mail
Jewellery
 g - a ring of willpower (left hand)
Scrolls
 e - a scroll of identify
Potions
 b - a potion of berserk rage {unknown}
 d - a potion of might
 f - a potion of mutation {unknown}
 h - a potion of curing {unknown}
 j - a potion of ambrosia {unknown}
 k - a potion of lignification {unknown}
 l - a potion of magic {unknown}
 m - a potion of haste {unknown}
 n - a potion of attraction {unknown}

Dungeon Overview and Level Annotations

Branches:
Dungeon (5/15)
 Temple: D:4-7

Altars:
Kikubaaqudgha
Okawaru

Shops:
D:1 (


Message History

Found an escape hatch in the floor.
An adder comes into view.
The adder hisses angrily.
An ogre comes into view. It is wielding a +0 giant club.
The ogre shouts!
The adder bites you but does no damage.
You slash the adder!
The adder is almost dead.
You block the adder's attack.
You barely miss the adder.
The adder is almost dead.
The adder bites you. The adder bites you but does no damage.
You miss the adder.
The adder is almost dead.
The adder bites you but does no damage.
You barely miss the adder.
The adder is almost dead.
The adder bites you but does no damage. x2
You barely miss the adder.
The adder is almost dead.
You barely miss the ogre. The adder completely misses you.
An orc comes into view. It is wielding a +0 dagger.
The ogre hits you with a +0 giant club!!
Ouch! That really hurt!
The adder bites you but does no damage.
The orc shouts!
You hit the adder.
You kill the adder!
Okawaru accepts your kill.
You closely miss the ogre.
You hear a bark!
The ogre hits you with a +0 giant club.
You have reached level 7!
You slash the ogre!
The ogre is moderately wounded.
You hit the ogre.
The ogre is heavily wounded.
The ogre hits you with a +0 giant club!
You die...

..##..............##..###
##................###..#.
............#.....##.....
.........######....#...%.
........##.##...##.....##
.#........###.######..###
..........# #.# #.......#
..##..##..# #.# #.......#
. ##. #@.###.###........
#...O.#~...~#........
#.....##~...~#.......#
........##~...~#.#.....#
...o.....#~...~#.#.#....
....[....#~...~#...##..#
...>.....#~...~#....####
.........#~...~##....#
#~...~#...###


You could see an ogre and an orc.

Vanquished Creatures
  Grinder (D:3)
  A hound (D:4)
  An orc priest (D:4)
  An orc wizard (D:4)
  A gnoll (D:4)
  7 adders
  A shadow imp (D:4)
  2 worms (D:2)
  A dart slug (D:1)
  7 orcs
  4 bats
  A bat zombie (D:5)
  4 endoplasms
  2 giant cockroaches (D:1)
  11 goblins
  5 hobgoblins
  4 kobolds
  A quokka (D:1)
  5 ball pythons
  2 frilled lizards
  11 rats
  3 rat zombies (D:5)
76 creatures vanquished.

Vanquished Creatures (others)
  An orc wizard (D:4)
  4 toadstools (D:1)
5 creatures vanquished.

Grand Total: 81 creatures vanquished

Notes
Turn   | Place    | Note
-------+----------+-------------------------------------------
     0 | D:1      | qw the Gargoyle Fighter began the quest for the Orb.
     0 | D:1      | Reached XP level 1. HP: 14/14 MP: 1/1
     0 | D:1      | 0 ||| qw: Version: 0.2-a-12-gaebbb33
     0 | D:1      | 0 ||| qw: Game counter: 1363
     0 | D:1      | 0 ||| qw: Always use a shield: true
     0 | D:1      | 0 ||| qw: God list: Okawaru
     0 | D:1      | 0 ||| qw: Allow faded altars: false
     0 | D:1      | 0 ||| qw: Do Orc after D:15 true
     0 | D:1      | 0 ||| qw: Do second Lair branch before Depths: true
     0 | D:1      | 0 ||| qw: Lair rune preference: random
     0 | D:1      | 0 ||| qw: Plans: Normal, Zot:1-4, God:TSO, Crypt, Tomb,
                  | Pan, Slime:5, Hells, Abyss, Orb
     0 | D:1      | 0 ||| PLANNING D:1-11
    52 | D:1      | Reached skill level 2 in Axes
   252 | D:1      | Reached XP level 2. HP: 19/19 MP: 2/2
   503 | D:1      | Found Saep's Weapon Shop.
   506 | D:1      | 506 ||| BUYING +0 mace (36 gold).
   506 | D:1      | Bought a +0 mace for 36 gold pieces
   506 | D:1      | 506 ||| SHOPLISTING +2 flail of protection (194 gold, have
                  | 1).
   506 | D:1      | 506 ||| DROPPING +0 club.
   746 | D:1      | Reached skill level 3 in Axes
   749 | D:1      | Reached XP level 3. HP: 23/23 MP: 3/3
   973 | D:1      | 973 ||| READING scroll labelled WAS PUOHOO.
   974 | D:1      | 974 ||| READING scroll labelled JANLAJ KOXE.
   975 | D:1      | 975 ||| READING scroll labelled VAMAEF WANIGI.
   976 | D:1      | 976 ||| READING scroll labelled PAOZATTETEU.
   977 | D:1      | 977 ||| READING scroll labelled QUUFIT JONE.
   978 | D:1      | 978 ||| READING scroll labelled BATOZ FUSY.
  1231 | D:2      | 1231 ||| DROPPING +0 mace.
  1543 | D:2      | 1543 ||| Stepping ~*~*~tactically~*~*~ (stealth).
  1553 | D:2      | 1553 ||| Stepping ~*~*~tactically~*~*~ (hiding).
  1554 | D:2      | 1554 ||| Stepping ~*~*~tactically~*~*~ (hiding).
  1555 | D:2      | 1555 ||| Stepping ~*~*~tactically~*~*~ (hiding).
  1568 | D:2      | 1568 ||| FLEEEEING.
  1573 | D:2      | 1573 ||| STAIRDANCE
  1644 | D:1      | 1644 ||| DROPPING amulet of faith.
  1645 | D:1      | 1645 ||| READING 2 scrolls labelled SITAIGATOG.
  1646 | D:1      | 1646 ||| DROPPING scroll of vulnerability.
  2160 | D:2      | Reached XP level 4. HP: 28/28 MP: 4/4
  2248 | D:2      | 2248 ||| UPGRADING to ring of willpower.
  2374 | D:3      | Noticed Grinder
  2382 | D:3      | Killed Grinder
  2383 | D:3      | Reached skill level 5 in Axes
  2383 | D:3      | Reached XP level 5. HP: 32/32 MP: 5/5
  2383 | D:3      | Reached XP level 6. HP: 37/37 MP: 6/6
  2571 | D:3      | Found an iron altar of Okawaru.
  2572 | D:3      | 2572 ||| PLANNING OKAWARU WORSHIP
  2572 | D:3      | 2572 ||| READING scroll labelled JUUL QURAROBI.
  2600 | D:3      | Became a worshipper of Warmaster Okawaru
  2601 | D:3      | 2601 ||| PLANNING D:1-11
  2963 | D:3      | 2963 ||| UPGRADING to +0 chain mail.
  2973 | D:3      | 2973 ||| DROPPING +0 scale mail.
  2974 | D:3      | 2974 ||| DROPPING +6 ring of intelligence.
  2975 | D:3      | 2975 ||| READING scroll labelled ADUYNA UQARI.
  3518 | D:4      | Reached skill level 6 in Axes
  3576 | D:4      | 3576 ||| DROPPING +1 whip of venom.
  3643 | D:4      | 3643 ||| UPGRADING to +3 scale mail of cold resistance.
  3666 | D:5      | Entered Level 5 of the Dungeon
  3708 | D:5      | Reached skill level 1 in Dodging
  3783 | D:5      | Found an ancient bone altar of Kikubaaqudgha.
  3821 | D:5      | HP: 9/38 [ogre/+0 giant club (5)]
  3822 | D:5      | Reached XP level 7. HP: 10/43 MP: 7/7
  3823 | D:5      | Slain by an ogre

Levels and vault maps discovered:
D:1:      ldierk_water_garden, layout_basic, serial_shops, shop_statue,
          minmay_door_square
D:2:      layout_basic
D:3:      layout_basic, okawaru_metal_pillars_1_2, kennysheep_generic_room_2,
          uniq_grinder
D:4:      layout_basic, biasface_ghost_orc_armoury, minmay_manual_moon
D:5:      layout_cave_pools, lemuel_zombie_altar_kikubaaqudgha,
          nicolae_wu_jian_wuxing_cycle, minmay_temple_entry_glassed_door,
          serial_shops, nicolae_shop_hallway_stairs

Skill      XL: |  1  2  3  4  5  6 |
---------------+-------------------+-----
Axes           | 2 3 5 6 |  6.1
Fighting       | 4 |  4.0
Dodging        | 1 |  1.0
Armour         | |  3.2
Shields        | |  3.2

Action                   |  1- 3 |  4- 6 |  7- 9 || total
-------------------------+-------+-------+-------++-------
Melee: War axe           |    95 |   139 |     2 ||   236
  Use: Scroll            |     7 |     2 |       ||     9
Armor: Scale mail        |    46 |    26 |       ||    72
       Chain mail        |       |    44 |       ||    44
Dodge: Dodged            |    33 |    57 |       ||    90
Block: Buckler           |    13 |    28 |       ||    41

Table legend:
 A = Non-vault XP
 B = Vault XP
 C = Vault XP percentage of total XP
 D = Non-vault monster count
 E = Vault monster count
 F = Vault count percentage of total count
                 A         B        C        D         E       F
            +---------+---------+-------+---------+---------+-------
      Total |     329 |     298 |  47.5 |      67 |      10 |  13.0
            +---------+---------+-------+---------+---------+-------
        D:1 |      42 |       0 |   0.0 |      24 |       0 |   0.0
        D:2 |      41 |       0 |   0.0 |      15 |       0 |   0.0
        D:3 |      22 |     267 |  92.4 |       9 |       3 |  25.0
        D:4 |     198 |      26 |  11.6 |      17 |       3 |  15.0
        D:5 |      26 |       5 |  16.1 |       2 |       4 |  66.7
            +---------+---------+-------+---------+---------+-------
